 Dungeon Crawl Stone Soup version 0.31-b1-20-g67cafac56d (webtiles) character file.

Game seed: 3969525959777176901

6822 Strat the Summoner (level 11, -1/120 HPs)
             Began as an Oni Summoner on Jan 17, 2024.
             Was an Initiate of Gozag.
             Slain by a yak (11 damage)
             ... on level 9 of the Dungeon.
             The game lasted 00:29:19 (10439 turns).

Strat the Summoner (Oni Summoner)                  Turns: 10439, Time: 00:29:19

Health: -1/120     AC:  7    Str: 14    XL:     11   Next: 5%
Magic:  25/25      EV:  9    Int: 20    God:    Gozag
Gold:   1306       SH:  0    Dex:  9    Spells: 17/30 levels left

rFire   . . .        b - +8 trident "Ysadam" {pain, rN+}
rCold   . . .        (no shield)
rNeg    + . .        i - +0 robe
rPois   +            a - +2 hat
rElec   .            q - +1 cloak {rPois}
rCorr   .            (gloves unavailable)
SInv    .            (boots unavailable)
Will    +....        d - amulet of the acrobat
Stlth   +            (no ring)
HPRegen 0.40/turn    (no ring)
MPRegen 0.19/turn

%: acrobat
@: gold aura, unable to call your familiar
A: large, unfitting armour, horns 1, tough skin 1, double potion healing,
drunken brawling
a: Renounce Religion, Potion Petition, Call Merchant, Bribe Branch


You were on level 9 of the Dungeon.
You worshipped Gozag.
Gozag was most pleased with you.
You visited 1 branch of the dungeon, and saw 9 of its levels.
You also visited: Sewer.

You collected 1554 gold pieces.
You spent 224 gold pieces at shops.
You paid 24 gold pieces to Gozag.

Inventory:

Hand Weapons
 b - the +8 trident "Ysadam" (weapon) {pain, rN+}
   (You took it off a goblin on level 3 of the Dungeon)

   rN+:       It protects you from negative energy.
 o - a +0 bardiche
 u - a +3 whip of electrocution
Missiles
 h - 7 boomerangs
 s - 28 poisoned darts
 z - 11 curare-tipped darts
Armour
 a - a +2 hat (worn)
 i - a +0 robe (worn)
 q - a +1 cloak of poison resistance (worn)
Jewellery
 d - an amulet of the acrobat (around neck)
 e - an amulet of magic regeneration
 y - an amulet of guardian spirit
Wands
 j - a wand of polymorph (29)
 k - a wand of mindburst (14)
 G - a wand of iceblast (1)
Scrolls
 g - a scroll of enchant weapon
 n - 2 scrolls of amnesia
 D - a scroll of identify
 E - a scroll of revelation
 F - a scroll of enchant armour
Potions
 c - a potion of cancellation {unknown}
 f - a potion of mutation
 l - a potion of invisibility {unknown}
 m - a potion of brilliance
 t - 2 potions of heal wounds {unknown}
 v - a potion of ambrosia
 w - 3 potions of might
 x - a potion of lignification {unknown}
 B - a potion of enlightenment {unknown}


   Skills:
 + Level 11.0 Fighting
 - Level 1.7 Dodging
 - Level 1.4 Stealth
 - Level 10.0 Spellcasting
 - Level 11.0 Summonings


You had 17 spell levels left.
You knew the following spells:

 Your Spells              Type           Power      Damage    Failure   Level
a - Summon Lightning Spi  Summ/Air       32%        N/A       7%          4
b - Call Imp              Summ           100%       N/A       1%          2
c - Call Canine Familiar  Summ           52%        N/A       1%          3
d - Summon Blazeheart Go  Fire/Summ      32%        N/A       7%          4

Your spell library contained the following spells:

 Spells                   Type           Power      Damage    Failure   Level
 Summon Small Mammal      Summ           100%       N/A       1%          1
 Kiss of Death            Conj/Necr      40%        2d8       7%          1
 Confusing Touch          Hex            10%        N/A       21%         3
 Dispel Undead            Necr           10%        3d9       56%         4


Dungeon Overview and Level Annotations

Branches:
Dungeon (9/15)             Temple (0/1) D:5           Sewer (visited)
   Lair: D:8-11         Orc: D:9-12

Altars:
Gozag
Makhleb
Trog
Wu Jian

Shops:
D:4 *   D:5 [   D:7 =   D:8 =

Annotations:
D:5 exclusion: oklob sapling


Innate Abilities, Weirdness & Mutations

You are too large for most types of armour.
You have a pair of small horns on your head.
You have tough skin. (AC +1)
You gain doubled healing and magic from potions.
Whenever you drink a healing potion, you attack all around you.


Message History

Your inugami disappears in a puff of smoke!
Reach: b) +8 trident "Ysadam" {pain, rN+}
Press: ? - help, Dir - move target, f/p - yak
Aim: a yak (about 23% to evade the +8 trident "Ysadam")
You reach to attack!
You hit the yak.
The yak is lightly wounded.
Unknown command.
You hit the yak but do no damage. You headbutt the yak, but do no damage.
The yak is heavily wounded.
The yak is engulfed in blazing flames. x2; The yak gores you.
* * * LOW HITPOINT WARNING * * *
You barely miss the yak. You headbutt the yak.
The yak is lightly wounded.
The yak is engulfed in blazing flames.
You kill the yak!
The yak gores you but does no damage.
Your Fighting skill increases to level 11!
Unknown command.
You barely miss the yak. Your headbutt misses the yak.
A steam dragon comes into view.
The yak gores you.
* * * LOW HITPOINT WARNING * * *
The yak misses you. The yak barely misses you.
You see here 30 gold pieces.
You closely miss the yak.
The yak is lightly wounded.
The yak gores you!
* * * LOW HITPOINT WARNING * * *
The yak closely misses you. The yak gores you.
* * * LOW HITPOINT WARNING * * *
You take a swig of the potion and twirl the +8 trident "Ysadam" {pain, rN+}.
You hit the yak.
The yak is lightly wounded.
You hit the yak. You headbutt the yak.
The yak is lightly wounded.
You puncture the yak!
The yak is moderately wounded.
Magic courses through your body. The yak gores you!
You die...
Your body crumbles into a pile of gold.

###### ... ..?## #'# #######
#.#####.# #..9... #.#.....#
#.Y.... #####.##....###
#...... .....##......#
##.Y..Y. +####.##.#.###.....YY
..#Y#Y##.#..##.#'###Y
####+#.#$@Y#.Y......#.# #Y
##......#####.Y##....#.# #Y
#.......# #..Y.....#.# #.
#.......# #<.Y....##.# #ยง
#.#####.# #.Y..#Y###.###. #.#
#.# #......###....# #.# #.#
#.(.<#........# #.#####.#
#..#####.##...#
####.#.....#####...)))).#....#


You could see 3 yaks.

Vanquished Creatures
  Pikel (D:5)
  A troll (D:9)
  7 yaks (D:9)
  A steam dragon (D:7)
  A sky beast (D:7)
  2 ogres
  2 centaurs
  A lemure (D:5)
  A phantom (D:6)
  2 kobold brigands (D:9)
  6 bullfrogs
  A scorpion (D:5)
  Dowan (D:5)
  A howler monkey (D:7)
  A gnoll bouda (D:7)
  A jelly (D:4)
  An orc priest (D:7)
  4 hounds
  A sleepcap (D:5)
  3 iguanas
  An orc wizard (D:6)
  4 gnolls (D:7)
  8 adders
  2 shadow imps (D:6)
  A white imp (D:5)
  An ufetubus (D:7)
  3 ribbon worms (D:2)
  8 dart slugs
  7 orcs
  10 ball pythons
  8 endoplasms
  8 giant cockroaches
  4 goblins
  5 hobgoblins
  3 jackals (D:5)
  8 quokkas
  7 bats
  11 frilled lizards
  7 kobolds
  5 rats
150 creatures vanquished.

Vanquished Creatures (collateral kills)
  Maurice (D:9)
  An elephant (D:9)
  Joseph (D:7)
  A hornet (D:8)
  A yak (D:9)
  A water moccasin (D:3)
  6 black bears
  Duvessa (D:5)
  An ogre (D:4)
  A centaur (D:9)
  3 lemures (D:5)
  A phantom (D:5)
  2 bullfrogs
  A kobold brigand (D:8)
  A scorpion (D:9)
  9 wights (D:8)
  3 orc priests (D:4)
  3 orc wizards
  A gnoll (D:6)
  An adder (D:3)
  2 ufetubi
  A dart slug (D:1)
  A ribbon worm (D:2)
  6 orcs
  An endoplasm (D:1)
  A giant cockroach (D:1)
  3 goblins
  10 kobolds
  2 ball pythons
  A bat (D:1)
  2 frilled lizards (D:1)
  A rat (D:1)
71 creatures vanquished.

Vanquished Creatures (others)
  A vampire (D:7)
  A shadow imp (D:7)
  2 blazeheart cores (D:7)
4 creatures vanquished.

Grand Total: 225 creatures vanquished

Notes
Turn   | Place    | Note
-------+----------+-------------------------------------------
     0 | D:1      | Strat the Oni Summoner began the quest for the Orb.
     0 | D:1      | Reached XP level 1. HP: 16/16 MP: 3/3
   145 | D:1      | Reached XP level 2. HP: 11/26 MP: 2/5
   207 | D:1      | Learned a level 2 spell: Call Imp
   235 | D:1      | Reached skill level 1 in Fighting
   945 | D:2      | Reached XP level 3. HP: 33/33 MP: 7/7
  1536 | D:2      | Reached XP level 4. HP: 34/42 MP: 6/8
  1634 | D:2      | Learned a level 3 spell: Call Canine Familiar
  1958 | D:3      | Identified the +8 trident "Ysadam" {pain, rN+}
  2067 | D:3      | Noticed a water moccasin
  2094 | D:3      | Killed a water moccasin
  2095 | D:3      | Reached skill level 5 in Summonings
  2095 | D:3      | Reached XP level 5. HP: 28/53 MP: 4/10
  2587 | D:3      | Found an ornate altar of the Wu Jian Council.
  2588 | D:3      | Found an opulent altar of Gozag.
  2765 | D:3      | Became a worshipper of Gozag Ym Sagoz the Greedy
  2896 | D:4      | Noticed an ogre
  2911 | D:4      | Killed an ogre
  2912 | D:4      | Reached XP level 6. HP: 62/62 MP: 6/12
  3057 | D:4      | Reached XP level 7. HP: 60/71 MP: 13/13
  3240 | D:4      | Found Ruxkian's CLEARANCE SALE!.
  3243 | D:4      | Bought a potion of curing for 18 gold pieces
  3243 | D:4      | Bought a potion of might for 24 gold pieces
  3841 | D:5      | Entered Level 5 of the Dungeon
  4034 | D:5      | Reached skill level 5 in Fighting
  4034 | D:5      | Reached skill level 5 in Spellcasting
  4207 | D:5      | Noticed Dowan
  4213 | D:5      | Noticed Duvessa
  4231 | D:5      | Found a staircase to the Ecumenical Temple.
  4762 | D:6      | Found a glowing drain.
  4779 | Sewer    | Entered a sewer
  4889 | Sewer    | Reached XP level 8. HP: 80/81 MP: 15/15
  6241 | D:5      | Noticed Pikel
  6290 | D:5      | Found Ysintyuh's Antique Armour Shoppe.
  6356 | D:5      | Killed Pikel
  6357 | D:5      | Reached XP level 9. HP: 65/89 MP: 10/19
  6444 | D:5      | Bought a glowing hat for 182 gold pieces
  6972 | D:5      | Killed Duvessa
  6993 | D:5      | Killed Dowan
  7277 | D:7      | Learned a level 4 spell: Summon Lightning Spire
  7282 | D:7      | Learned a level 4 spell: Summon Blazeheart Golem
  7306 | D:7      | Found a burning altar of Makhleb.
  7306 | D:7      | Noticed a balrug
  7553 | D:7      | Noticed Joseph
  7617 | D:7      | Killed Joseph
  8269 | D:7      | Reached skill level 10 in Summonings
  8518 | D:7      | Found Ekkac's Jewellery Shop.
  8687 | D:8      | Found Remn's Jewellery Emporium.
  8765 | D:8      | Reached XP level 10. HP: 83/104 MP: 22/22
  9035 | D:8      | Identified the +7 orcbow "Jashry" {freeze, rElec rCorr SInv
                  | Stlth+}
  9489 | D:8      | Found a bloodstained altar of Trog.
  9655 | D:9      | Noticed Maurice
  9689 | D:9      | Something stole 10 curare-tipped darts
  9692 | D:9      | Something stole an amulet of guardian spirit
  9694 | D:9      | Killed Maurice
  9828 | D:9      | Noticed an elephant
  9843 | D:9      | Killed an elephant
 10397 | D:9      | Reached skill level 10 in Fighting
 10425 | D:9      | Reached skill level 10 in Spellcasting
 10425 | D:9      | HP: 5/110 [cloud of flame (16)]
 10428 | D:9      | Reached XP level 11. HP: 42/119 MP: 12/25
 10439 | D:9      | Slain by a yak

Illustrated notes

Levels and vault maps discovered:
D:1:      minmay_arrival_radiant_lines, layout_basic, supply_closet_lemuel,
          serial_bayou_pond_a, reono_crystal_passage, palyth_stone_intersect,
          chequers_serial_rivers_micro_a, st_stairs_5
D:2:      layout_loops_corners, minmay_heptomino_w4
D:3:      layout_loops_cross, mainiacjoe_overflow_divided_tiny
D:4:      layout_loops_ring, serial_forest, infiniplex_forest_straight_3,
          infiniplex_forest_end_2, infiniplex_forest_end_1,
          infiniplex_forest_pool, infiniplex_forest_clump_small,
          infiniplex_forest_straight_5, nicolae_shop_clearance
D:5:      layout_loops_corners, minmay_temple_entry_oklob, serial_shops, shop,
          dreamdust_mushroom_princess, uniq_pikel, uniq_crazy_yiuf_cottage,
          uniq_duvessa
D:6:      cheibrodos_barr_body, layout_basic, gup_sewer_entry_pipe
D:7:      minmay_general_purpose_star, layout_loops_ring,
          makhleb_altar_promises_db, serial_shops, nicolae_shop_rolling_square,
          uniq_joseph
D:8:      layout_basic, trog_ov_bears_minmay, serial_shops,
          nicolae_stop_n_shop_1, minmay_tree_intersection
D:9:      layout_basic, mainiacjoe_overflow_alcove_4,
          grunt_lair_entry_orc_guard_hut, uniq_psyche, uniq_maurice

Skill      XL: |  1  2  3  4  5  6  7  8  9 10 11 |
---------------+----------------------------------+-----
Fighting       | 1 2 3 4 5 6 7 10 11 | 11.0
Summonings     | 4 5 6 9 10 11 | 11.0
Spellcasting   | 3 4 5 7 8 10 | 10.0
Dodging        | |  1.7
Stealth        | |  1.4

Action                     |  1- 3 |  4- 6 |  7- 9 | 10-12 || total
---------------------------+-------+-------+-------+-------++-------
  Melee: Unarmed           |    28 |       |       |       ||    28
         Headbutt          |    15 |     4 |    28 |    13 ||    60
         Dagger            |    22 |       |       |       ||    22
         Spear             |    80 |    29 |       |       ||   109
         Trident           |       |    34 |   248 |    59 ||   341
         Punch             |       |       |     1 |     2 ||     3
   Cast: Summon Small Mamm |     9 |     2 |       |       ||    11
         Call Imp          |    10 |     7 |    26 |     7 ||    50
         Call Canine Famil |       |     2 |    22 |     9 ||    33
         Summon Lightning  |       |       |     2 |    19 ||    21
         Summon Blazeheart |       |       |     2 |     2 ||     4
  Evoke: Wand              |       |       |     1 |       ||     1
    Use: Scroll            |       |       |    16 |     2 ||    18
         Potion            |       |       |     1 |     5 ||     6
   Stab: Sleeping          |     3 |     3 |     3 |       ||     9
 Armour: Robe              |    79 |    32 |   164 |    83 ||   358
  Dodge: Dodged            |    50 |    13 |   139 |    64 ||   266
